 Dungeon Crawl Stone Soup version 0.26-a0-651-gb41185065b (webtiles) character file.

Game seed: 13923922997245220095

103952 Apogee the Fencer (level 15, -3/141 HPs)
             Began as a Pale Draconian Ice Elementalist on Oct 9, 2020.
             Was a High Priest of Vehumet.
             Slain by Donald
             ... wielding a +4 eveningstar of protection
              (39 damage)
             ... on level 1 of the Snake Pit.
             The game lasted 01:22:20 (34377 turns).

Apogee the Fencer (DrIE)                           Turns: 34377, Time: 01:22:21

Health: -3/141     AC: 15    Str: 10    XL:     15   Next: 90%
Magic:  13/31      EV: 19    Int: 24    God:    Vehumet [*****.]
Gold:   968        SH:  0    Dex: 16    Spells: 12/38 levels left

rFire    . . .     SeeInvis .   o - +11 plutonium sword {*Contam Stlth-}
rCold    . . .     Faith    .   (shield currently unavailable)
rNeg     . . .     Spirit   .   (armour unavailable)
rPois    +         Reflect  .   (helmet restricted)
rElec    .         Harm     .   n - +1 cloak
rCorr    .         Rampage  .   F - +1 pair of gloves
MR       +....                  A - +1 pair of boots
Stlth    +.........             P - amulet of the acrobat
HPRegen  0.33/turn              s - ring of poison resistance
MPRegen  0.22/turn              I - +6 ring of intelligence

@: short of breath, very slightly contaminated, invisible
A: breathe steam, unfitting armour, cold-blooded, AC +9
a: Breathe Steam, Renounce Religion


You were on level 1 of the Snake Pit.
You worshipped Vehumet.
Vehumet was extremely pleased with you.
You visited 6 branches of the dungeon, and saw 26 of its levels.

You collected 2048 gold pieces.
You spent 1080 gold pieces at shops.

Inventory:

Hand Weapons
 o - the +11 plutonium sword (weapon) {*Contam Stlth-}
   (You found it on level 4 of the Dungeon)

   It causes magical contamination when unequipped.
   It makes you less stealthy.
Missiles
 i - 813 stones (quivered)
Armour
 n - a +1 cloak (worn)
   (You found it on level 3 of the Dungeon)
 A - a +1 pair of boots (worn)
   (You found it on level 7 of the Dungeon)
 F - a +1 pair of gloves (worn)
   (You found it on level 11 of the Dungeon)
Jewellery
 e - an uncursed amulet of magic regeneration
   (You found it on level 1 of the Lair of Beasts)
 s - a ring of poison resistance (left hand)
   (You found it on level 4 of the Dungeon)
 t - an uncursed ring of protection from cold {unknown}
   (You found it on level 1 of the Snake Pit)
 I - a +6 ring of intelligence (right hand)
   (You found it on level 9 of the Dungeon)
 J - a +6 ring of intelligence
   (You found it on level 9 of the Dungeon)
 P - an amulet of the acrobat (around neck)
   (You found it on level 5 of the Dungeon)
 S - the ring "Qauss" {MR+ Int+2 Stlth-}
   (You found it on level 3 of the Lair of Beasts)

   [ring of attention]

   It affects your intelligence (+2).
   It affects your resistance to hostile enchantments.
   It makes you less stealthy.
Wands
 d - a wand of iceblast (6)
   (You found it on level 7 of the Dungeon)
 l - a wand of enslavement (10)
   (You found it on level 3 of the Dungeon)
 u - a wand of paralysis (17)
   (You found it on level 1 of the Lair of Beasts)
 v - a wand of digging (12)
   (You found it on level 6 of the Dungeon)
Scrolls
 a - 20 scrolls of teleportation {@r4}
 c - 2 scrolls of fear
 j - 5 scrolls of magic mapping
 k - 6 scrolls of fog
 m - 12 scrolls of remove curse {@r2}
 q - 3 scrolls of blinking
 r - 4 scrolls of amnesia
 w - 3 scrolls of enchant weapon
 y - 2 scrolls of enchant armour
 L - a scroll of vulnerability {!r}
 T - a scroll of summoning
 W - 5 scrolls of immolation {!r}
Potions
 f - 4 potions of haste {@q3}
 g - 2 potions of resistance {unknown}
 h - 7 potions of curing {@q1}
 p - 2 potions of cancellation
 z - 9 potions of ambrosia
 D - 2 potions of mutation {!q}
 E - 2 potions of heal wounds {@q2}
 G - 3 potions of might
 H - 2 potions of lignification {!q}
 K - a potion of berserk rage
 O - 2 potions of brilliance
 X - a potion of flight {unknown}
Miscellaneous
 Q - a condenser vane (1/2)
   (You found it on level 2 of the Lair of Beasts)
 R - a tin of tremorstones (3/3)
   (You found it on level 3 of the Lair of Beasts)


   Skills:
 - Level 15.0 Fighting
 - Level 17.0 Long Blades
 - Level 10.0 Dodging
 - Level 1.7 Stealth
   Level 3.1 Shields
 + Level 12.1 Spellcasting
 + Level 2.4 Conjurations
 - Level 3.0 Summonings
 + Level 10.6 Ice Magic
 + Level 2.5 Air Magic


You had 12 spell levels left.
You knew the following spells:

 Your Spells              Type           Power        Failure   Level
a - Freeze                Ice            ####         1%          1
b - Frozen Ramparts       Ice            ######       1%          3
c - Ozocubu's Armour      Ice            ######..     1%          3
d - Summon Ice Beast      Ice/Summ       #####...     2%          4
e - Ozocubu's Refrigerat  Ice            ######....   2%          6
f - Freezing Cloud        Conj/Ice/Air   #####.....   19%         6
x - Stone Arrow           Conj/Erth      ###...       2%          3

Your spell library contained the following spells:

 Spells                   Type           Power        Failure   Level
 Irradiate                Conj/Tmut      ###.......   17%         5
 Foxfire                  Conj/Fire      ###.         1%          1
 Summon Small Mammal      Summ           ####         1%          1
 Call Imp                 Summ           ####....     1%          2
 Hailstorm                Conj/Ice       #####...     1%          4
 Conjure Flame            Conj/Fire      ###.....     2%          3
 Call Canine Familiar     Summ           ####....     3%          3
 Ignite Poison            Fire/Tmut/Pois ##......     3%          3
 Inner Flame              Hex/Fire       ##......     3%          3
 Corona                   Hex            ##.....      4%          1
 Slow                     Hex            ##......     6%          2
 Sublimation of Blood     Necr           ##........   6%          2
 Summon Guardian Golem    Hex/Summ       ###.....     7%          3
 Sticky Flame             Conj/Fire      ###.....     7%          4
 Confusing Touch          Hex            ##......     13%         3
 Gell's Gravitas          Tloc           ##........   13%         3
 Portal Projectile        Hex/Tloc       ##....       13%         3
 Metabolic Englaciation   Hex/Ice        #####.....   13%         5
 Summon Lightning Spire   Summ/Air       ####....     14%         4
 Fireball                 Conj/Fire      ###.......   17%         5
 Bolt of Magma            Conj/Fire/Erth ###.......   21%         5
 Yara's Violent Unravell  Hex/Tmut       ##........   28%         5
 Cause Fear               Hex            ##........   38%         4
 Leda's Liquefaction      Hex/Erth       ##........   38%         4
 Petrify                  Tmut/Erth      ##......     38%         4
 Iron Shot                Conj/Erth      ###.......   65%         6
 Alistair's Intoxication  Tmut/Pois      ##.......    75%         5
 Eringya's Noxious Bog    Tmut/Pois      ##........   100%        6
 Statue Form              Tmut/Erth      ##.......    100%        6
 Shatter                  Erth           ##........   100%        9


Dungeon Overview and Level Annotations

Branches:
Dungeon (15/15)            Temple (1/1) D:6            Lair (5/6) D:9
  Swamp (2/4) Lair:3        Snake (1/4) Lair:3          Orc (2/2) D:11
    Elf (0/3) Orc:2        Vaults (0/5) D:14         Depths (0/5) D:15
  Slime: Lair:5-6

Altars:
Ashenzari
Cheibriados
Dithmenos
Elyvilon
Fedhas
Gozag
Hepliaklqana
Kikubaaqudgha
Makhleb
Nemelex Xobeh
Okawaru
Qazlal
Ru
Sif Muna
Trog
Uskayaw
Vehumet
Wu Jian
Xom
Yredelemnul
Zin
The Shining One
Beogh

Shops:
D:9 !   D:11 (   D:14 =?*?*   Orc:2 ([*:

Annotations:
D:4 exclusion: oklob plant
D:5 exclusion: door
D:6 3 runed translucent doors, PanSaczeczos's ghost, novice MfVM
D:7 1 runed translucent door, donkeybrains's ghost, novice HOFi
D:9 Maurice
D:12 exclusion: 2 doors
Lair:1 2 transporters, Ojimoz's ghost, journeyman GnFi
Lair:5 1 runed translucent door, exclusion: oklob plant, Libboc's ghost, journeyman DEFE
Snake:1 Donald


Innate Abilities, Weirdness & Mutations

You can breathe blasts of scalding, opaque steam.
Your pale cyan-grey scales are hard. (AC +9)
You cannot fit into any form of body armour.
You are cold-blooded and may be slowed by cold attacks.


Message History

Donald says, "I think I hate rivers, but I can't remember why."
Donald hits you with a +4 eveningstar of protection!!!
* * * LOW HITPOINT WARNING * * *
Unknown command.
Here: Donald, wielding a +4 eveningstar of protection, wearing a +2 crystal plate armour and wearing a cursed +0 kite shield (moderately wounded, fast, strong)
The floor.
You fade into invisibility!
The wall freezes Donald.
You are very lightly contaminated with residual magic.
Your icy armour cracks and falls away as you move.
The wall freezes Donald.
The wall freezes Donald.
Donald says, "I hate Vehumet."
A chill wind blows around you.
The wall freezes Donald!
Donald says, "What's the point of conjuring, anyway?"
A chill wind blows around you. A chill wind blows around you.
You have got your breath back.
The wall freezes Donald.
Donald misses your ice beast. Donald blocks your ice beast's attack.
A chill wind blows around you.
The wall freezes Donald.
Donald hits your ice beast with a +4 eveningstar of protection!!!
Your ice beast hits Donald but does no damage.
The wall freezes Donald!
Your ice beast disappears in a puff of smoke!
What are your orders? t - Shout!
Orders for allies: a - Attack new target. p - Attack previous target. r - Retreat! s - Stop attacking. g - Guard the area. f - Follow me.
Anything else - Cancel.
Gang up on whom?
Aim: Donald, wielding a +4 eveningstar of protection, wearing a +2 crystal plate armour and wearing a cursed +0 kite shield (severely wounded, fast, strong) Attack!
Donald says, "I hate hellfire."
Donald blocks your ice beast's attack.
The frozen ramparts melt away.
Donald closely misses your ice beast.
Your ice beast hits Donald but does no damage.
Donald hits your ice beast with a +4 eveningstar of protection!!!
Your ice beast dies!
Donald blocks your ice beast's attack.
Your ice beast hits Donald.
Your ice beast freezes Donald!
Donald says, "Man, snails must be faster than these guys."
Aim: Donald, wielding a +4 eveningstar of protection, wearing a +2 crystal plate armour and wearing a cursed +0 kite shield (severely wounded, fast, strong) Really fire in your ice beast's direction?
Okay, then.
You exhale a blast of scalding steam.
The ball of steam hits Donald but does no damage.
Donald hits you with a +4 eveningstar of protection!!!
You die...

.# #.......#### #### .#
##......#.##### ...#.. .#
#....#....#...##...#.. .##
#.....#...............
..###...#.###............#
....)....................#
#############...........#
#...##.....## #.#.@#.....#
#.##@..##### #...§..#####.
#..Y)...(....
#..Y..#######
≈≈≈####†.##....#
≈≈≈≈≈≈≈†..§....#
≈≈≈≈.≈≈...§†...#
..≈≈.....>...####


You could see Donald (fast, strong) and 2 friendly ice beasts.

Vanquished Creatures
  Rupert (D:15)
  An orc warlord (Orc:2)
  Nessos (D:14)
  Azrael (Orc:1)
  Snorg (D:13)
  Josephine (D:11)
  A ghost crab (Swamp:1)
  A rakshasa (D:15)
  8 hydras
  A shambling mangrove (Swamp:1)
  A satyr (D:15)
  7 centaur warriors
  Erica (Orc:1)
  5 alligators
  5 two-headed ogres
  Urug (D:14)
  A tengu warrior (D:15)
  Nergalle (Lair:2)
  2 orc high priests
  2 shock serpents (Snake:1)
  A fire crab (D:15)
  Sonja (D:12)
  2 unseen horrors
  A swamp dragon (Snake:1)
  2 harpies (shapeshifter) (D:15)
  6 orc knights
  7 orc sorcerers
  4 ugly things
  7 cyclopes
  2 manticores
  11 elephants
  Psyche (D:8)
  5 torpor snails (Lair:4)
  A torpor snail (shapeshifter) (D:15)
  2 gargoyles
  A centaur zombie (D:13)
  5 black mambas
  11 cane toads
  A yaktaur (D:15)
  A kobold demonologist (D:14)
  3 rime drakes
  13 komodo dragons
  8 trolls
  2 queen bees
  6 hornets
  3 tyrant leeches
  6 polar bears
  4 meliai (D:15)
  2 bog bodies
  5 slime creatures
  5 hippogriffs
  Prince Ribbit (D:5)
  8 blink frogs (Lair:4)
  A snapping turtle (Swamp:1)
  3 spriggans
  2 shadows
  A vampire (D:10)
  2 water elementals (D:13)
  2 wyverns
  7 wraiths
  24 yaks
  A fire elemental (Orc:1)
  A hog (shapeshifter) (D:15)
  16 humans (D:14)
  Grum (D:8)
  A basilisk (D:15)
  A steam dragon (Lair:5)
  6 vampire mosquitoes
  4 nagas (Snake:1)
  A soldier ant (D:14)
  6 insubstantial wisps (Swamp:1)
  2 wargs (Orc:1)
  10 swamp worms
  9 water moccasins
  8 porcupines
  3 hell hounds (Orc:2)
  40 orc warriors
  A swamp drake (Swamp:1)
  An ice beast (D:12)
  4 sky beasts
  A tengu (Swamp:1)
  3 black bears
  An eye of draining (D:15)
  13 ogres
  2 necrophages
  12 wolves
  23 centaurs
  8 boggarts (D:15)
  2 phantoms (D:12)
  7 crocodiles
  6 big kobolds
  14 bullfrogs
  A gnoll sergeant (D:10)
  4 wyvern zombies
  A scorpion (D:4)
  36 killer bees
  18 wights
  7 howler monkeys
  4 electric eels
  A bullfrog zombie (D:8)
  A jelly (D:12)
  22 orc priests
  8 hounds
  33 orc wizards
  Crazy Yiuf (D:5)
  2 bullfrog skeletons
  4 centaur skeletons
  6 iguanas
  12 worker ants
  A hound zombie (D:6)
  A howler monkey zombie (D:10)
  13 gnolls
  14 adders
  A river rat (Lair:2)
  2 shadow imps
  2 white imps
  3 ufetubi
  3 adder skeletons
  A worm (D:2)
  7 dart slugs
  3 leopard geckos
  105 orcs
  3 ball pythons
  5 giant cockroaches
  13 goblins
  6 hobgoblins
  20 jackals
  28 kobolds
  5 quokkas
  8 bats
  7 frilled lizards
  A jackal skeleton (D:4)
  A leopard gecko skeleton (D:7)
  A quokka skeleton (D:6)
  9 rats
855 creatures vanquished.

Vanquished Creatures (others)
  An orc wizard (D:4)
  2 giant cockroaches (D:4)
  A bush (Lair:1)
  20 fungi
  19 plants
  7 toadstools (D:5)
  2 withered plants (Lair:5)
52 creatures vanquished.

Grand Total: 907 creatures vanquished

Notes
Turn   | Place    | Note
-------+----------+-------------------------------------------
     0 | D:1      | Apogee the Draconian Ice Elementalist began the quest for
                  | the Orb.
     0 | D:1      | Reached XP level 1. HP: 14/14 MP: 3/3
   160 | D:1      | Reached XP level 2. HP: 10/20 MP: 0/5
   833 | D:1      | Reached XP level 3. HP: 26/26 MP: 4/7
  1008 | D:1      | Learned a level 3 spell: Frozen Ramparts
  1012 | D:1      | Learned a level 3 spell: Ozocubu's Armour
  1692 | D:2      | Found an iron altar of Okawaru.
  2078 | D:2      | Found a faded altar of an unknown god.
  2433 | D:3      | Found a sacrificial altar of Ru.
  2505 | D:3      | Reached XP level 4. HP: 33/33 MP: 5/8
  2553 | D:3      | Reached skill level 5 in Ice Magic
  2840 | D:3      | Reached XP level 5. HP: 38/38 MP: 10/10
  3420 | D:4      | Found a blossoming altar of Fedhas.
  3438 | D:4      | Noticed an oklob plant
  3467 | D:4      | Found the +11 plutonium sword {*Contam Stlth-}
  3508 | D:4      | Reached skill level 1 in Long Blades
  3604 | D:4      | Reached skill level 2 in Long Blades
  3862 | D:4      | Found a shimmering altar of Xom.
  3943 | D:4      | Reached XP level 6. HP: 46/46 MP: 11/11
  4083 | D:4      | Reached skill level 1 in Fighting
  4083 | D:4      | Reached skill level 3 in Long Blades
  4460 | D:5      | Entered Level 5 of the Dungeon
  4606 | D:5      | Noticed Prince Ribbit
  4620 | D:5      | Killed Prince Ribbit
  4620 | D:5      | Reached skill level 4 in Long Blades
  4620 | D:5      | Your scales start taking on a pale cyan-grey colour.
  4620 | D:5      | Reached XP level 7. HP: 56/56 MP: 5/12
  5043 | D:5      | Found a bloodstained altar of Trog.
  5121 | D:5      | Reached skill level 5 in Long Blades
  5239 | D:5      | Noticed a slime creature
  5239 | D:5      | Noticed a slime creature
  5408 | D:5      | Found a shadowy altar of Dithmenos.
  5409 | D:5      | Found an opulent altar of Gozag.
  5514 | D:5      | Found a runed translucent door.
  5515 | D:5      | Noticed Crazy Yiuf
  5520 | D:5      | Killed Crazy Yiuf
  5917 | D:6      | Reached skill level 6 in Long Blades
  6056 | D:6      | Reached XP level 8. HP: 48/66 MP: 10/13
  6204 | D:6      | Found a staircase to the Ecumenical Temple.
  6213 | Temple   | Entered the Ecumenical Temple
  6526 | Temple   | Became a worshipper of Vehumet
  6683 | D:6      | Found a shimmering blue altar of Sif Muna.
  6760 | D:6      | Reached skill level 7 in Long Blades
  6826 | D:6      | Reached skill level 5 in Fighting
  7000 | D:6      | Found a runed translucent gate.
  7000 | D:6      | Found a runed translucent gate.
  7000 | D:6      | Found a runed translucent gate.
  7001 | D:6      | Found an opulent altar of Gozag.
  7001 | D:6      | Noticed PanSaczeczos's ghost (novice MfVM)
  7002 | D:6      | Noticed a deep elf mage
  7020 | D:6      | Reached skill level 13 in Long Blades
  7020 | D:6      | Reached XP level 9. HP: 74/74 MP: 14/14
  7258 | D:7      | Found a runed translucent door.
  7263 | D:7      | Noticed donkeybrains's ghost (novice HOFi)
  7322 | D:7      | Reached * piety under Vehumet
  7322 | D:7      | Offered knowledge of Magic Dart by Vehumet.
  7342 | D:7      | Learned a level 4 spell: Summon Ice Beast
  7478 | D:7      | Reached skill level 1 in Summonings
  7805 | D:7      | Found a white marble altar of Elyvilon.
  8188 | D:8      | Noticed Psyche
  8197 | D:8      | Killed Psyche
  8197 | D:8      | Reached XP level 10. HP: 75/83 MP: 8/15
  8294 | D:8      | Noticed Grum
  8301 | D:8      | Reached skill level 14 in Long Blades
  8304 | D:8      | Killed Grum
  8489 | D:8      | Offered knowledge of Foxfire by Vehumet.
  8561 | D:8      | Reached ** piety under Vehumet
  8772 | D:8      | Found a broken altar of Ashenzari.
  9258 | D:8      | Found a hide-covered altar of Uskayaw.
  9502 | D:9      | Noticed Maurice
  9773 | D:9      | Found Vepa's Distillery.
  9776 | D:9      | Bought a potion of heal wounds for 80 gold pieces
  9776 | D:9      | Bought a potion of haste for 160 gold pieces
  9776 | D:9      | Bought a potion of might for 64 gold pieces
  9776 | D:9      | Bought a potion of lignification for 48 gold pieces
  9825 | D:9      | Offered knowledge of Dazzling Flash by Vehumet.
  9899 | D:9      | Found a staircase to the Lair.
 10141 | D:9      | Found a glowing silver altar of Zin.
 10538 | D:10     | Entered Level 10 of the Dungeon
 10545 | D:10     | Noticed a two-headed ogre
 10553 | D:10     | Killed a two-headed ogre
 10556 | D:10     | Reached XP level 11. HP: 65/92 MP: 16/16
 10672 | D:10     | Reached *** piety under Vehumet
 11229 | D:10     | Offered knowledge of Stone Arrow by Vehumet.
 11246 | D:10     | Learned a level 3 spell: Stone Arrow
 11403 | D:10     | Identified the +1 scale mail of Dasobesk {Str+2 Int+4}
 11430 | D:10     | Reached **** piety under Vehumet
 11718 | D:11     | Found Paoddena's Antique Weapon Emporium.
 11718 | D:11     | Noticed a brown ugly thing
 11732 | D:11     | Killed a brown ugly thing
 12002 | D:11     | Offered knowledge of Bolt of Magma by Vehumet.
 12035 | D:11     | Found a shimmering altar of Xom.
 12051 | D:11     | Noticed Josephine
 12069 | D:11     | Killed Josephine
 12072 | D:11     | Reached skill level 5 in Dodging
 12441 | D:11     | Reached skill level 15 in Long Blades
 12451 | D:11     | Found a staircase to the Orcish Mines.
 12888 | Lair:1   | Entered Level 1 of the Lair of Beasts
 13213 | Lair:1   | Reached skill level 1 in Shields
 13511 | Lair:1   | Noticed Ojimoz's ghost (journeyman GnFi)
 13512 | Lair:1   | Found a transporter.
 13516 | Lair:1   | Found a transporter.
 14115 | Lair:1   | Reached XP level 12. HP: 99/105 MP: 17/17
 14517 | Lair:2   | Noticed a seven-headed hydra
 14525 | Lair:2   | Killed a seven-headed hydra
 14663 | Lair:2   | Noticed Nergalle
 14682 | Lair:2   | Killed Nergalle
 14682 | Lair:2   | Reached skill level 10 in Fighting
 15091 | Lair:2   | Reached ***** piety under Vehumet
 15091 | Lair:2   | Offered knowledge of Spellforged Servitor by Vehumet.
 15818 | Lair:3   | Noticed a four-headed hydra
 15823 | Lair:3   | Killed a six-headed hydra
 16088 | Lair:3   | Found a staircase to the Snake Pit.
 16233 | Lair:3   | Got a translucent glass ring
 16237 | Lair:3   | Identified the ring "Qauss" {MR+ Int+2 Stlth-} (You found
                  | it on level 3 of the Lair of Beasts)
 16970 | Lair:3   | Noticed a five-headed hydra
 16974 | Lair:3   | Killed a six-headed hydra
 16974 | Lair:3   | Reached skill level 16 in Long Blades
 17196 | Lair:3   | Found a staircase to the Swamp.
 17207 | Lair:3   | Reached XP level 13. HP: 97/116 MP: 18/18
 18057 | Lair:4   | Found a snail-covered altar of Cheibriados.
 18829 | Lair:5   | Found a runed translucent door.
 18829 | Lair:5   | Noticed Libboc's ghost (journeyman DEFE)
 20387 | D:12     | Offered knowledge of Iskenderun's Battlesphere by Vehumet.
 20425 | D:12     | Noticed Sonja
 20429 | D:12     | Killed Sonja
 20973 | D:12     | Noticed a storm dragon
 21217 | D:13     | Reached XP level 14. HP: 77/127 MP: 19/19
 21799 | D:13     | Reached skill level 17 in Long Blades
 21799 | D:13     | Reached skill level 10 in Dodging
 22191 | D:13     | Noticed Snorg
 22334 | D:13     | Killed Snorg
 22827 | D:14     | Found a gate to the Vaults.
 22827 | D:14     | Noticed Urug
 22827 | D:14     | Noticed Nessos
 22848 | D:14     | Found a white marble altar of Elyvilon.
 22892 | D:14     | Found Luxop's Assorted Antiques.
 22964 | D:14     | Found Miek's Jewellery Boutique.
 22978 | D:14     | Killed Nessos
 23254 | D:14     | Offered knowledge of Ozocubu's Refrigeration by Vehumet.
 23265 | D:14     | Learned a level 6 spell: Ozocubu's Refrigeration
 23443 | D:14     | Found Beumotutu's Magic Scroll Shoppe.
 23451 | D:14     | Bought a scroll of acquirement for 728 gold pieces
 23451 | D:14     | Acquired a manual of Spellcasting
 23568 | D:14     | Got a pitted falchion
 23815 | D:14     | Found Hinoasos's Magic Scroll Shop.
 23913 | D:14     | Reached skill level 15 in Fighting
 24016 | D:14     | Reached skill level 5 in Spellcasting
 24101 | D:14     | Found Kicli's Assorted Antiques.
 24179 | D:15     | Entered Level 15 of the Dungeon
 24922 | D:14     | Killed Urug
 25322 | D:15     | Noticed an entropy weaver
 25353 | D:15     | Reached XP level 15. HP: 62/141 MP: 22/27
 25859 | D:15     | Found a staircase to the Depths.
 25876 | D:15     | Noticed Rupert
 25892 | D:15     | Killed Rupert
 26065 | D:15     | Found a glowing golden altar of the Shining One.
 26300 | Orc:1    | Entered Level 1 of the Orcish Mines
 26427 | Orc:1    | Noticed Erica
 26433 | Orc:1    | Killed Erica
 27037 | Orc:2    | Entered Level 2 of the Orcish Mines
 27048 | Orc:2    | Noticed Azrael
 27175 | Orc:1    | Killed Azrael
 27472 | Orc:2    | Reached ****** piety under Vehumet
 27676 | Orc:2    | Found a staircase to the Elven Halls.
 27734 | Orc:2    | Offered knowledge of Freezing Cloud by Vehumet.
 28152 | Orc:2    | Learned a level 6 spell: Freezing Cloud
 28191 | Orc:2    | Reached skill level 10 in Spellcasting
 28197 | Orc:2    | Paralysed by an orc sorcerer for 2 turns
 28904 | Orc:2    | Noticed an orc warlord
 28924 | Orc:2    | Killed an orc warlord
 29383 | Orc:2    | Found a roughly hewn altar of Beogh.
 29418 | Orc:2    | Found Jiopsid's Antique Weapon Boutique.
 29451 | Orc:2    | Found Tiotyr's Book Boutique.
 29479 | Orc:2    | Found Haisyl's General Store.
 29550 | Orc:2    | Found Kataeq's Antique Armour Boutique.
 30578 | Swamp:1  | Entered Level 1 of the Swamp
 30629 | Swamp:1  | Reached skill level 10 in Ice Magic
 30724 | Swamp:1  | Reached skill level 1 in Air Magic
 31110 | Swamp:1  | Offered knowledge of Irradiate by Vehumet.
 31110 | Swamp:1  | Reached skill level 1 in Conjurations
 33898 | Snake:1  | Entered Level 1 of the Snake Pit
 34275 | Snake:1  | Got a fine dagger
 34354 | Snake:1  | Noticed Donald
 34377 | Snake:1  | Slain by Donald

Illustrated notes

Levels and vault maps discovered:
D:1:      psy_arrival_conway, layout_rooms,
          wander_ebering_terrifying_dragon_lair
D:2:      layout_loops_corners, lemuel_coloured_pillars_altar,
          chequers_ecumenical_altar_twisty
D:3:      layout_rooms, nicolae_ru_sacrificial_ziggurat, serial_corexii_hall,
          chequers_hall_statues_y, chequers_hall_statues_wall_a,
          minmay_close_crescents
D:4:      layout_loops_ring, xom_confusion_cloud, tgw_fedhas,
          minmay_stone_trees_large
D:5:      cheibrodos_fertilizer, layout_cave_pools,
          gammafunk_temple_overflow_pools, trog_hazing_becter,
          uniq_prince_ribbit1, uniq_crazy_yiuf_cottage
D:6:      layout_rooms, minmay_temple_entry_antechambers, ebering_ghost_gozag,
          led_sif_pool
D:7:      layout_loops_ring, elyvilon_altar_3, ebering_ghost_reflecting_pool,
          grunt_tough_drop
D:8:      layout_basic, eat_drink_and_be_merry_uskayaw, enter_bailey_3,
          ashenzari_altar_1, uniq_grum, uniq_psyche
D:9:      layout_long_grid, zin_scriptorium, erik_lair_island, serial_shops,
          kennysheep_mini_moat, nrook_loot_triangle, uniq_maurice
D:10:     layout_long_grid
D:11:     layout_loops_ring, david_orc_2, basic_altar,
          portal_ice_cave_entry_pillars_2, serial_shops, shop, uniq_josephine
D:12:     layout_roguey, kennysheep_four_rooms, uniq_sonja
D:13:     layout_basic, uniq_snorg
D:14:     layout_loops_ring, david_vaults_3, serial_shops, shop, shop, shop,
          nicolae_shop_statue_plus, shop, basic_altar, moated_statue,
          uniq_nessos
D:15:     gammafunk_enter_depths_forms, layout_rooms, tso_metal_star,
          uniq_rupert
Temple:   oiseaux_autumnal_temple
Lair:1:   layout_roguey, gammafunk_ghost_hive, beast_lair_carwin_4
Lair:2:   layout_hall_layers, special_room [special_room_bee],
          cheibrodos_lair_lostbears, grunt_megastairs_3, uniq_urug,
          uniq_nergalle
Lair:3:   layout_gridlike, nicolae_swamp_entry_splash_gauntlet,
          minmay_snake_entry_spellcaster, chequers_serial_rivers_micro_a,
          minivault_24, st_stairs_4, lemuel_fruit_tree
Lair:4:   layout_big_grid, kennysheep_snail_temple
Lair:5:   layout_roguey, gammafunk_ghost_grave, beast_lair_carwin_2,
          serial_bayou_shore_b, minmay_lair_oklob_chamber
Swamp:1:  layout_basic_swamp, evilmike_swamp_ruin_wall
Swamp:2:  layout_falls_marsh, nicolae_swamp_feature_on_the_river_bank,
          st_swamp_mini
Snake:1:  onia_ninara_swampy_vault, layout_misc_corridors, grunt_ministairs_9,
          st_stairs_13, uniq_donald
Orc:1:    layout_diamond_mine, uniq_erica
Orc:2:    grunt_orc_cross, layout_caves, uniq_azrael

Skill      XL: |  1  2  3  4  5  6  7  8  9 10 11 12 13 14 15 |
---------------+----------------------------------------------+-----
Spellcasting   | 3 8 12 | 12.1
Ice Magic      | 5 7 10 | 10.6
Long Blades    | 2 4 6 13 14 15 16 17 | 17.0
Fighting       | 2 4 5 6 7 9 11 12 15 | 15.0
Summonings     | 1 3 |  3.0
Dodging        | 3 5 7 9 10 | 10.0
Shields        | 2 3 |  3.1
Air Magic      | 2 |  2.5
Conjurations   | 2 |  2.4
Stealth        | |  1.7

Action                   |  1- 3 |  4- 6 |  7- 9 | 10-12 | 13-15 || total
-------------------------+-------+-------+-------+-------+-------++-------
Melee: Unarmed           |    34 |       |       |       |       ||    34
       Tailslap          |     5 |    10 |    17 |    59 |   125 ||   216
       Dagger            |    28 |    77 |       |       |       ||   105
       Triple sword      |       |    50 |   146 |   417 |   956 ||  1569
Throw: Stone             |       |     6 |     1 |     4 |     3 ||    14
 Cast: Freeze            |    56 |    17 |     2 |       |       ||    75
       Frozen Ramparts   |     2 |     3 |     5 |    18 |    44 ||    72
       Ozocubu's Armour  |       |     1 |     7 |    12 |    38 ||    58
       Stone Arrow       |       |       |       |       |    44 ||    44
       Summon Ice Beast  |       |       |       |       |     4 ||     4
 Abil: Breathe Steam     |       |       |       |    27 |    50 ||    77
Evoke: Wand              |       |       |       |     6 |    24 ||    30
       Tin of tremorston |       |       |       |       |     2 ||     2
       Condenser vane    |       |       |       |       |     3 ||     3
  Use: Scroll            |       |       |    12 |    11 |    10 ||    33
       Potion            |       |       |     1 |     7 |     4 ||    12
 Stab: Sleeping          |     2 |     3 |     2 |     2 |       ||     9
Armor: Skin              |    35 |    51 |    86 |   152 |   309 ||   633
Dodge: Dodged            |    77 |    91 |   147 |   398 |  1077 ||  1790
       Rpst.: Triple sword |       |    11 |    31 |   100 |   237 ||   379

Table legend: (Time is in decaauts)
 A = Elapsed time spent in this place.
 B = Non-inter-level travel time spent in this place.
 C = Inter-level travel time spent in this place.
 D = Time resting spent in this place.
 E = Time spent auto-exploring this place.
 F = Levels seen in this place.
 G = Mean time per level.
                   A        B        C        D        E       F      G
               +--------+--------+--------+--------+--------+-----+--------+
         Total |  34724 |  33195 |   1529 |  10079 |  17578 |  26 | 1335.5 |
       Dungeon |  19172 |  18333 |    839 |   3864 |  11082 |  15 | 1278.1 |
        Temple |    335 |    293 |     42 |      0 |    219 |   1 |  335.0 |
          Lair |   7294 |   6880 |    414 |   2038 |   3892 |   5 | 1458.8 |
         Swamp |   3329 |   3204 |    125 |   2163 |    729 |   2 | 1664.5 |
     Snake Pit |    480 |    480 |      0 |     38 |    324 |   1 |  480.0 |
  Orcish Mines |   4112 |   4005 |    107 |   1975 |   1331 |   2 | 2056.0 |
               +--------+--------+--------+--------+--------+-----+--------+

Top non-repeatable levels by time:
 Swamp:1: 2757 daAuts
   Orc:2: 2392 daAuts
    D:15: 1736 daAuts
  Lair:3: 1725 daAuts
   Orc:1: 1719 daAuts
    D:13: 1717 daAuts
    D:14: 1704 daAuts
  Lair:1: 1683 daAuts
  Lair:4: 1432 daAuts
     D:5: 1392 daAuts
  Lair:2: 1350 daAuts
     D:8: 1300 daAuts
     D:1: 1297 daAuts
    D:10: 1268 daAuts
     D:7: 1228 daAuts
